Map: 프리온 단구

Players

llllllllllll (Scarlett) - Winner!

  • Race: Zerg Zerg
  • League: Grandmaster

llllllllllll

  • Race: Protoss Protoss
  • League: Grandmaster

VOD

Have the link to the VOD?

Description

Time

  • Played on: April 13, 2016, 2:51 a.m.
  • Length: 7:22
Show
View Real Time Build Order
Export as new Build Order

llllllllllll Zerg - Winner!

Build Orders: Hatch First 

Get SALT Encoding   

  12  0:01  Drone  
  13  0:10  Drone  
  14  0:18  Overlord  
  14  0:25  Extractor  
  14  0:26  Drone  
  15  0:37  Drone  
  15  0:38  Drone  
  17  0:55  Hatchery  
  17  0:56  Drone  
  17  0:59  Drone  
  18  1:10  Extractor  
  17  1:14  Spawning Pool  
  17  1:17  Drone  
  17  1:20  Drone  
  18  1:29  Drone  
  20  1:40  Drone  
  20  1:49  Hatchery  
  19  1:56  Drone  
  20  2:04  Zergling x2  
  21  2:08  Queen  
  21  2:13  Metabolic Boost  
  23  2:17  Drone  
  23  2:20  Drone  
  25  2:24  Overlord  
  25  2:32  Drone x2  
  27  2:40  Overlord  
  27  2:45  Drone x2  
  27  2:47  Queen  
  31  2:55  Overlord  
  31  3:03  Queen, Drone  
  31  3:05  Queen  
  36  3:10  Drone x2  
  38  3:15  Zergling x4  
  38  3:16  Zergling x2  
  38  3:17  Zergling x2  
  41  3:25  Pneumatized Carapace  
  41  3:26  Drone  
  42  3:30  Zergling x8  
  46  3:41  Drone  
  46  3:42  Drone x2  
  48  3:53  Drone x3  
  48  3:55  Overlord  
  49  4:00  Drone  
  49  4:01  Drone x4  
  54  4:05  Evolution Chamber  
  54  4:08  Baneling Nest  
  52  4:11  Drone x2  
  52  4:13  Overlord  
  52  4:15  Spore Crawler  
  53  4:17  Spore Crawler  
  53  4:19  Spore Crawler, Drone  
  53  4:20  Drone x3  
  55  4:26  Overlord  
  54  4:35  Drone  
  54  4:36  Drone x5  
  58  4:42  Zerg Melee Weapons Level 1  
  58  4:44  Zergling x6  
  61  4:48  Overlord  
  61  4:49  Drone x4  
  65  4:57  Hatchery  
  65  4:59  Extractor  
  63  5:01  Extractor  
  63  5:03  Drone x2  
  64  5:11  Drone  
  64  5:12  Drone x9  
  64  5:13  Extractor  
  73  5:15  Extractor  
  73  5:16  Queen x2  
  73  5:18  Queen  
  77  5:28  Zergling x2  
  77  5:29  Zergling x4  
  78  5:37  Zergling x2  
  78  5:38  Zergling x4  
  80  5:43  Zergling x12  
  80  5:44  Zergling x6  
  89  5:51  Overlord x3  
  89  6:01  Zergling x2  
  89  6:02  Baneling  
  89  6:03  Baneling x3  
  90  6:06  Baneling x4  
  90  6:08  Queen x3  
  96  6:11  Zergling x12  
  96  6:12  Zergling x6  
  105  6:20  Zergling x10  
  110  6:28  Zergling x4  
  110  6:29  Queen  
  110  6:31  Zergling x8  
  118  6:35  Baneling x14  
  118  6:36  Baneling x2  
  118  6:38  Baneling x2  
  118  6:44  Queen  
  119  6:48  Zergling x2  
  117  6:59  Zergling x10  
  117  7:00  Baneling  
  117  7:01  Baneling x9  
  120  7:02  Overlord x3  
Show
View Real Time Build Order
Export as new Build Order

llllllllllll Protoss 

Build Orders: Nexus First, Oracle Opening 

Get SALT Encoding   

  12  0:00  Probe (Chrono Boost)  
  13  0:11  Probe (Chrono Boost)  
  14  0:18  Pylon  
  14  0:22  Probe (Chrono Boost)  
  15  0:36  Probe (Chrono Boost)  
  16  0:47  Probe (Chrono Boost)  
  17  0:58  Nexus  
  17  1:07  Gateway  
  17  1:10  Probe (Chrono Boost)  
  18  1:17  Assimilator  
  18  1:21  Probe (Chrono Boost)  
  18  1:25  Assimilator  
  19  1:31  Probe (Chrono Boost)  
  20  1:42  Probe (Chrono Boost)  
  21  1:48  Gateway  
  21  1:52  Probe (Chrono Boost)  
  22  1:56  Cybernetics Core  
  22  2:03  Probe (Chrono Boost)  
  23  2:11  Probe (Chrono Boost)  
  23  2:13  Probe (Chrono Boost)  
  25  2:22  Probe (Chrono Boost)  
  26  2:23  Pylon  
  26  2:24  Probe (Chrono Boost)  
  27  2:32  Probe (Chrono Boost)  
  27  2:33  Warp Gate (Chrono Boost)  
  27  2:34  Probe (Chrono Boost)  
  29  2:39  Adept x2  
  29  2:43  Probe (Chrono Boost)  
  34  2:45  Probe (Chrono Boost)  
  35  2:51  Stargate  
  35  2:54  Probe (Chrono Boost)  
  35  2:55  Probe (Chrono Boost)  
  37  3:02  Gateway  
  37  3:05  Probe (Chrono Boost)  
  37  3:07  Pylon  
  37  3:10  Mothership Core  
  40  3:14  Adept  
  40  3:18  Adept  
  44  3:20  Probe  
  45  3:28  Pylon  
  45  3:32  Probe x2  
  47  3:36  Oracle (Chrono Boost)  
  50  3:56  Probe  
  49  4:03  Nexus, Probe  
  49  4:05  Pylon  
  49  4:06  Oracle  
  49  4:09  Pylon, Probe  
  51  4:10  Forge  
  51  4:15  Probe (Chrono Boost)  
  51  4:17  Assimilator  
  55  4:20  Assimilator  
  55  4:22  Probe (Chrono Boost)  
  56  4:27  Probe (Chrono Boost)  
  57  4:35  Probe (Chrono Boost)  
  57  4:38  Probe (Chrono Boost)  
  59  4:43  Photon Cannon  
  59  4:44  Gateway  
  60  4:45  Probe (Chrono Boost), Gateway  
  60  4:46  Protoss Ground Weapons Level 1 (Chrono Boost)  
  60  4:47  Probe (Chrono Boost)  
  60  4:51  Robotics Facility  
  60  4:52  Robotics Facility  
  61  4:57  Probe x2  
  63  5:04  Pylon  
  63  5:06  Pylon  
  63  5:09  Probe x2  
  63  5:12  Sentry x2  
  63  5:13  Zealot  
  71  5:14  Probe  
  71  5:20  Probe  
  71  5:21  Phoenix (Chrono Boost), Probe  
  73  5:25  Probe  
  77  5:32  Probe  
  77  5:33  Probe  
  79  5:36  Probe, Immortal (Chrono Boost)  
  79  5:39  Observer (Chrono Boost)  
  85  5:45  Probe x2  
  85  5:48  Twilight Council  
  87  5:51  Gateway  
  87  5:52  Gateway  
  87  5:53  Photon Cannon  
  87  5:54  Pylon  
  87  6:02  Assimilator, Probe x3  
  90  6:05  Assimilator  
  90  6:06  Pylon  
  90  6:08  Immortal  
  90  6:09  Pylon  
  90  6:15  Immortal  
  98  6:28  Gateway  
  98  6:30  Gateway  
  98  6:31  Gateway  
  98  6:37  Pylon  
  98  6:39  Zealot x2  
  89  7:06  Probe x3  
  92  7:12  Photon Cannon  
  92  7:14  Zealot x2  
Tags
 
Add a new tag
Caveats
  • Supply blocks, unpowered buildings, or Contaminate may cause inaccurate times.
  • Supply counts are checked every 10 seconds.